 Dungeon Crawl Stone Soup version 0.28.0-53-g5a82cb258f (webtiles) character file.

Game seed: 13553115195468068071

141 NamelessAdventurer the Covert (level 5, -4/45 HPs)
             Began as a Naga Brigand on June 2, 2022.
             Was a Follower of Wu Jian.
             Slain by a phantom (6 damage)
             ... on level 5 of the Dungeon.
             The game lasted 00:11:05 (1549 turns).

NamelessAdventurer the Covert (Naga Brigand)        Turns: 1549, Time: 00:11:06

Health: -4/45      AC:  3    Str: 15    XL:     5   Next: 24%
Magic:  2/5        EV:  9    Int: 17    God:    Wu Jian [*.....]
Gold:   57         SH:  0    Dex: 13    Spells: 3/5 levels left

rFire   . . .      SeeInvis +   a - +2 dagger
rCold   . . .      Faith    .   (no shield)
rNeg    . . .      Spirit   .   b - +0 robe
rPois   +          Reflect  .   (no helmet)
rElec   .          Harm     .   c - +0 cloak
rCorr   .          Rampage  .   (no gloves)
Will    .....                   (no barding)
Stlth   ++++......              (no amulet)
HPRegen 0.15/turn               j - +6 ring of intelligence
MPRegen 0.09/turn               (no ring)

@: very slow
A: AC +1, large, see invisible, deformed body, poison resistance, slowness 2,
spit poison 1, naga tail 1
a: Spit Poison, Renounce Religion


You were on level 5 of the Dungeon.
You worshipped Wu Jian.
Wu Jian was aware of your devotion.
You visited 1 branch of the dungeon, and saw 4 of its levels.

You collected 57 gold pieces.

Inventory:

Hand Weapons
 a - a +2 dagger (weapon)
Missiles
 e - a curare-tipped dart
Armour
 b - a +0 robe (worn)
 c - a +0 cloak (worn)
Jewellery
 j - a +6 ring of intelligence (left hand)
Scrolls
 d - a scroll of immolation {unknown}
 f - a scroll of fog
 i - a scroll of teleportation {unknown}
 n - 2 scrolls of brand weapon {unknown}
Potions
 g - 2 potions of heal wounds {unknown}
 k - a potion of might {unknown}
 l - 2 potions of curing {unknown}
 m - a potion of brilliance {unknown}
 o - a potion of berserk rage {unknown}


   Skills:
 * Level 2.3 Fighting
 * Level 2.3 Short Blades
 * Level 2.1 Throwing
 * Level 0.7 Armour
 * Level 1.3 Dodging
 * Level 8.2 Stealth
 * Level 0.6 Spellcasting


You had 3 spell levels left.
You knew the following spells:

 Your Spells              Type           Power      Damage    Failure   Level
a - Scorch                Fire           0%         2d5       34%         2

Your spell library contained the following spells:

 Spells                   Type           Power      Damage    Failure   Level
 Flame Wave               Conj/Fire      0%         2d4       92%         4
 Summon Cactus Giant      Summ           0%         N/A       100%        6


Dungeon Overview and Level Annotations

Branches:
Dungeon (3/15)

Altars:
Wu Jian

Shops:
D:3 :


Innate Abilities, Weirdness & Mutations

Your serpentine skin is tough. (AC +1)
You have supernaturally acute eyesight. (SInv)
Armour fits poorly on your strangely shaped body.
Your system is resistant to poisons. (rPois)
You cover ground very slowly.
You can spit poison.
You have a snake-like lower body.


Message History

The white imp's fire resistance burns away.
Unknown command.
You barely miss the white imp.
The white imp is almost dead.
The white imp closely misses you.
You barely miss the white imp.
The white imp is almost dead.
You hit the white imp but do no damage.
The white imp is almost dead.
The white imp closely misses you. The phantom hits you. The white imp hits you.
The white imp freezes you.
You hit the white imp.
You kill the white imp!
The Council accepts your kill.
Your magical contamination has completely faded away.
You see here a scorpion corpse.
The phantom hits you.
The phantom blinks!
You blink.
You barely miss the phantom. The phantom hits you!
You hit the phantom.
The phantom is lightly damaged.
You hit the phantom.
The phantom is moderately damaged.
The phantom closely misses you.
You hit the phantom.
The phantom is moderately damaged.
The phantom hits you.
You miss the phantom.
The phantom is moderately damaged.
The phantom hits you!
* * * LOW HITPOINT WARNING * * *
The phantom blinks!
You blink.
You spin and attack the phantom repeatedly.
You hit the phantom.
The phantom is moderately damaged.
You hit the phantom.
The phantom is heavily damaged.
The phantom hits you!
* * * LOW HITPOINT WARNING * * *
The phantom hits you.
You die...

#.##.#...##.##.#.#
#.##...........#.#
#.##.#...##.#....
#.##...........#
#.........#.#..#
########..........#
#..........###....#
#.......§..........#
.........@W............
#..#........####.#.##..
............†.....#
.##.###....#####..#
#............[ ..#
#............W#.##
#.........#...#.#
#.........#.<...
#..........##.##


You could see a phantom.

Vanquished Creatures
  A scorpion (D:5)
  3 adders
  2 white imps (D:5)
  5 ball pythons
  9 endoplasms
  A giant cockroach (D:2)
  3 goblins
  5 hobgoblins
  7 kobolds
  A quokka (D:1)
  3 bats
  A frilled lizard (D:1)
  4 rats
45 creatures vanquished.

Notes
Turn   | Place    | Note
-------+----------+-------------------------------------------
     0 | D:1      | NamelessAdventurer the Naga Brigand began the quest for the
                  | Orb.
     0 | D:1      | Reached XP level 1. HP: 19/19 MP: 1/1
    48 | D:1      | Reached skill level 6 in Stealth
   153 | D:1      | Reached XP level 2. HP: 26/26 MP: 2/2
   312 | D:1      | Reached skill level 1 in Dodging
   511 | D:1      | Reached XP level 3. HP: 28/32 MP: 3/3
   855 | D:2      | Found a faded altar of an unknown god.
   859 | D:2      | Prayed at the altar of an unknown god.
   859 | D:2      | Became a worshipper of the Wu Jian Council
   859 | D:2      | Reached * piety under Wu Jian
   887 | D:2      | Reached skill level 7 in Stealth
  1022 | D:2      | Reached XP level 4. HP: 27/39 MP: 4/4
  1386 | D:3      | Found Ysyaptic's Book Shoppe.
  1390 | D:3      | You fall into a shaft and drop 2 floors!
  1390 | D:5      | Entered Level 5 of the Dungeon
  1403 | D:5      | Noticed a scorpion
  1406 | D:5      | Noticed a phantom
  1421 | D:5      | Learned a level 2 spell: Scorch
  1464 | D:5      | Killed a scorpion
  1465 | D:5      | Reached skill level 8 in Stealth
  1465 | D:5      | Reached XP level 5. HP: 29/45 MP: 5/5
  1549 | D:5      | HP: 2/45 [phantom (7)]
  1549 | D:5      | Slain by a phantom

Illustrated notes

Levels and vault maps discovered:
D:1:      dpeg_arrival_short_road, layout_basic
D:2:      layout_basic, shapermc_ecumenical_altar_acropolis
D:3:      layout_basic, serial_shops, shop, uniq_terence, uniq_grinder,
          uniq_crazy_yiuf_cottage
D:5:      layout_basic, vehumet_altar_wand_db

Skill      XL: |  1  2  3  4 |
---------------+-------------+-----
Stealth        | 6 7 8 |  8.2
Dodging        | 1 |  1.3
Throwing       | 2 |  2.1
Fighting       | |  2.3
Short Blades   | |  2.3
Armour         | |  0.7
Spellcasting   | |  0.6

Action                   |  1- 3 |  4- 6 || total
-------------------------+-------+-------++-------
Melee: Dagger            |    51 |    20 ||    71
Throw: Dart              |     6 |     1 ||     7
 Cast: Scorch            |       |     1 ||     1
Invok: Whirlwind         |     9 |     1 ||    10
       Lunge             |     3 |     2 ||     5
 Abil: Spit Poison       |    15 |     2 ||    17
  Use: Scroll            |     2 |     1 ||     3
 Stab: Sleeping          |    15 |     4 ||    19
Armor: Robe              |    12 |       ||    12
Dodge: Dodged            |    18 |     5 ||    23
